 Dungeon Crawl Stone Soup version 0.17-a0-1554-g3b847ca (webtiles) character file.

182842 George the Champion of Chaos (level 17, -2/137 HPs)
             Began as a Demonspawn Gladiator on July 19, 2015.
             Was the Champion of Makhleb.
             Slain by an emperor scorpion (11 damage)
             ... on level 3 of the Spider Nest.
             The game lasted 02:29:57 (35060 turns).

George the Champion of Chaos (DsGl)                Turns: 35060, Time: 02:29:57

Health: -2/137     AC: 35    Str: 19    XL:     17   Next: 36%
Magic:  0/29       EV: 19    Int: 16    God:    Makhleb [******]
Gold:   3558       SH:  9    Dex: 22    Spells: 0 memorised, 16 levels left

rFire  . . .     SeeInvis .     K - +1 scimitar (flame)
rCold  + . .     Clarity  .     M - +9 plate armour "Fimn" {rElec rC+}
rNeg   . . .     SustAt   .     T - +2 buckler
rPois  +         Gourm    .     Q - +1 hat {Int+3}
rElec  +         Spirit   +     B - +1 cloak
rCorr  .         Warding  .     j - +3 pair of gloves of Ycyo {Int+4 Dex+4}
rMut   .         Stasis   .     (boots unavailable)
MR     ++...                    E - amulet of guardian spirit
Stlth  ..........               i - +5 ring of evasion
                                r - ring "Ytok Siuq" {rPois MR+}

@: lethally poisoned (-2 -> -3), very resistant to hostile enchantments,
extremely unstealthy
A: talons 3, large bone plates 2, powered by pain 3
a: Minor Destruction, Lesser Servant of Makhleb, Major Destruction, Greater
Servant of Makhleb, Renounce Religion
}: 1/15 runes: decaying


You were on level 3 of the Spider Nest.
You worshipped Makhleb.
Makhleb was exalted by your worship.
You were not hungry.

You visited 6 branches of the dungeon, and saw 30 of its levels.
You also visited: Labyrinth, Sewer and Ice Cave.

You collected 4090 gold pieces.
You spent 532 gold pieces at shops.

Inventory:

Hand weapons
 K - a +1 scimitar of flaming (weapon)
Missiles
 N - 3 throwing nets (quivered)
Armour
 j - the +3 pair of gloves of Ycyo (worn) {Int+4 Dex+4}
   (You found it in a labyrinth)

   It affects your intelligence (+4).
   It affects your dexterity (+4).
 B - a +1 cloak (worn)
 M - the +9 plate armour "Fimn" (worn) {rElec rC+}
   (You bought it in a shop on level 4 of the Dungeon)

   It protects you from cold.
   It insulates you from electricity.
 Q - a +1 hat of intelligence (worn)
 T - a +2 buckler (worn)
Jewellery
 d - an uncursed ring of see invisible
 i - a +5 ring of evasion (right hand)
 l - the ring of the Pure Planets {rC+ rN+ Int+2}
   (You found it in an ice cave)

   [ring of protection from cold]

   It affects your intelligence (+2).
   It protects you from cold.
   It protects you from negative energy.
 n - an uncursed ring of teleportation
 p - an uncursed ring of protection from fire
 r - the ring "Ytok Siuq" (left hand) {rPois MR+}
   (You found it in an ice cave)

   [ring of protection from magic]

   It protects you from poison.
   It affects your resistance to hostile enchantments.
 u - an uncursed ring of protection from cold
 C - an uncursed ring of flight
 D - an uncursed amulet of warding
 E - an amulet of guardian spirit (around neck)
 U - an uncursed ring of positive energy
Magical devices
 a - a wand of digging (18)
 c - a wand of fire (0)
 h - a wand of confusion (8)
 v - a wand of lightning (5)
 F - a wand of draining (9)
 Y - a wand of cold (4)
Scrolls
 g - a scroll of summoning
 k - 13 scrolls of remove curse
 m - 9 scrolls of teleportation
 o - a scroll of enchant armour
 s - 13 scrolls of identify
 x - a scroll of fog
 y - 2 scrolls of blinking
 J - 2 scrolls of fear
 P - 4 scrolls of recharging
 S - a scroll of brand weapon
 W - 3 scrolls of magic mapping
 X - 5 scrolls of enchant weapon
Potions
 f - 2 potions of agility
 t - 2 potions of cure mutation
 w - 11 potions of heal wounds
 z - 2 potions of haste
 A - 13 potions of curing
 H - 2 potions of cancellation
Books
 V - a book of Enchantments

   Spells                             Type                      Level
   a - Cause Fear                     Hexes                        4
   b - Silence                        Hexes/Air                    5
   c - Deflect Missiles               Charms/Air                   6
   d - Haste                          Charms                       6
   e - Discord                        Hexes                        8
Miscellaneous
 b - a fan of gales
 G - a stone of tremors
Comestibles
 e - 23 bread rations
 q - 16 beef jerkies
 I - 10 fruits
 L - 4 royal jellies
 O - 6 meat rations
 Z - a slice of pizza


   Skills:
 + Level 13.4 Fighting
 + Level 16.0 Long Blades
 - Level 1.7 Throwing
 + Level 12.4 Armour
 + Level 12.6 Dodging
 + Level 16.3 Invocations


You had 16 spell levels left.
You didn't know any spells.

Dungeon Overview and Level Annotations

Branches:
Dungeon (10/15)            Temple (1/1) D:7            Lair (8/8) D:10
  Swamp (4/4) Lair:4       Spider (3/4) Lair:4        Slime (0/6) Lair:7
    Orc (4/4) D:9             Elf (0/3) Orc:3

Altars:
Ashenzari
Cheibriados
Dithmenos
Elyvilon
Fedhas
Gozag
Kikubaaqudgha
Makhleb
Nemelex Xobeh
Okawaru
Qazlal
Ru
Sif Muna
Trog
Vehumet
Xom
Yredelemnul
Zin
The Shining One
Beogh
Jiyva

Shops:
D:4 *   D:10 !   Orc:2 ?%[%   Orc:3 ?   Orc:4 [*}*

Annotations:
Spider:1 exclusion: Roxanne, Roxanne


Innate Abilities, Weirdness & Mutations

You have claws for feet.
You are mostly covered in large bone plates (AC +3, SH +3).
You are powered by pain.


Message History

You hit the emperor scorpion. You burn the emperor scorpion.
Your kick misses the emperor scorpion.
The emperor scorpion is almost dead.
You hit the emperor scorpion. You burn the emperor scorpion.
You claw the emperor scorpion, but do no damage.
The emperor scorpion is almost dead.
You feel sick. The emperor scorpion stings you.
* * * LOW HITPOINT WARNING * * *
The emperor scorpion claws you but does no damage. x2
Your shield and plate armour "Fimn" prevent you from hitting the emperor scorpion.
You claw the emperor scorpion, but do no damage.
The emperor scorpion is almost dead.
The emperor scorpion misses you.
You block the emperor scorpion's attack.
The emperor scorpion claws you but does no damage.
You hit the emperor scorpion. You burn the emperor scorpion.
You claw the emperor scorpion, but do no damage.
The emperor scorpion is almost dead.
You feel sick. The emperor scorpion stings you!!
You die...

##.#.#^#.##≈.†.......#...#.#.>.
##.#.#^###.........#..........
##.#.###†....##..............
##†##†.......#......<.......
##.^.#...................###
##^.†......#.........#....###
##.^...†%..................#..
##≈.^.†........................
##≈≈##...^.....@s.......#.......
#≈≈≈............................
##≈≈≈#...........................
#≈≈≈≈≈.......#..^............^...
≈≈≈≈≈#.........##≈...........#..#
#≈.##.#........#................#
≈..###........#..[...#.....#....≈
≈#..###.....#......#...#...#.....
#≈....##...#..................#..


You could see an emperor scorpion.

Vanquished Creatures
  Rupert (Lair:3)
  5 thorn hunters
  Gastronok (D:10)
  Frances (Swamp:2)
  A ghost moth (Spider:3)
  Maud (Orc:3)
  2 orc warlords
  3 emperor scorpions
  A stone giant (Orc:4)
  The ghost of George the Fighter, a powerful MiFi of Okawaru (Orc:4)
  Nessos (Lair:8)
  A minotaur (Lab)
  An entropy weaver (Spider:3)
  Erolcha (D:8)
  2 ghost crabs
  Erica (D:9)
  7 alligators
  21 hydras
  6 orc high priests (Orc:4)
  9 swamp dragons
  A hill giant (D:10)
  2 shambling mangroves
  2 orc knights (Orc:4)
  2 ice statues (IceCv)
  6 orb spiders
  5 hornets
  An oklob plant (Orc:2)
  An ugly thing (D:10)
  A moth of wrath (Spider:3)
  A cyclops (Orc:4)
  9 wolf spiders
  2 griffons
  6 orc sorcerers (Orc:4)
  18 elephants
  Joseph (D:9)
  3 black mambas
  6 torpor snails
  17 spiny frogs
  Psyche (D:10)
  2 fire drakes (Lair:7)
  5 demonic crawlers
  12 komodo dragons
  4 trolls
  5 spriggan druids
  3 polar bears (Lair:8)
  17 jumping spiders
  5 bog bodies
  A boulder beetle (Lair:8)
  6 giant leeches
  16 slime creatures
  32 blink frogs
  12 trapdoor spiders
  28 spriggans
  49 redbacks
  Sigmund (D:2)
  29 yaks
  17 tarantellas
  2 shadows
  23 vampire mosquitoes
  A wyvern (Lair:6)
  Grum (D:9)
  30 wolves
  2 basilisks (Lair:7)
  7 hippogriffs
  7 wargs
  8 humans (Lair:2)
  24 swamp worms
  7 insubstantial wisps
  5 hungry ghosts
  9 water moccasins
  13 swamp drakes
  39 orc warriors
  9 black bears
  16 ice beasts
  6 porcupines
  24 spiders
  4 sky beasts
  A phantom (D:4)
  4 centaurs
  A necrophage (D:9)
  25 wasps
  20 ogres
  A big kobold (D:9)
  13 crocodiles
  14 giant frogs
  A wyvern zombie (D:8)
  5 wights (D:8)
  3 killer bees (D:8)
  2 scorpions
  2 vampire bats (D:5)
  An electric eel (Lair:4)
  4 crimson imps
  A quasit (D:8)
  11 hounds
  3 centaur skeletons
  5 jellies
  A giant frog skeleton (D:8)
  Ijyb (Lair:2)
  A centaur zombie (D:7)
  34 orc wizards
  34 orc priests
  Terence (D:3)
  12 iguanas
  4 worker ants
  36 sheep
  2 hound skeletons (D:5)
  12 adders
  54 river rats
  6 gnolls (D:3)
  12 white imps (Lair:2)
  4 shadow imps
  An ooze (D:5)
  An adder skeleton (D:4)
  3 worms
  7 giant geckos
  274 orcs
  6 ball pythons
  26 bats
  A bat skeleton (D:7)
  4 bat zombies
  3 giant cockroaches
  41 goblins
  25 hobgoblins
  21 jackals
  2 quokkas
  2 giant gecko skeletons (D:5)
  9 giant newts
  28 kobolds
  A quokka skeleton (D:5)
  28 rats
  2 rat zombies (D:4)
  2 briar patches (Swamp:4)
  A fungus (Spider:2)
  A plant (Sewer)
1453 creatures vanquished.

Vanquished Creatures (collateral kills)
  2 ice dragons (IceCv)
  2 hydras (Swamp:4)
  3 swamp drakes (Swamp:4)
7 creatures vanquished.

Vanquished Creatures (others)
  A shambling mangrove (Swamp:1)
  A spiny frog (Swamp:1)
  A redback (Spider:3)
  A porcupine (Lair:2)
  An orc wizard (Orc:4)
  2 briar patches (Swamp:4)
  18 fungi
  9 plants
34 creatures vanquished.

Grand Total: 1494 creatures vanquished

Notes
Turn   | Place    | Note
--------------------------------------------------------------
     0 | D:1      | George the Demonspawn Gladiator began the quest for the Orb.
     0 | D:1      | Reached XP level 1. HP: 16/16 MP: 1/1
   178 | D:1      | Reached skill level 3 in Long Blades
   267 | D:1      | Gained mutation: You sometimes gain a little power by taking damage. [demonic ancestry]
   267 | D:1      | Reached XP level 2. HP: 16/22 MP: 2/2
   831 | D:1      | Gained mutation: You are partially covered in large bone plates (AC +2, SH +2). [demonic ancestry]
   831 | D:1      | Reached XP level 3. HP: 23/27 MP: 3/3
  1018 | D:2      | Noticed Sigmund
  1031 | D:2      | Killed Sigmund
  1031 | D:2      | Reached skill level 5 in Long Blades
  1031 | D:2      | Reached XP level 4. HP: 23/33 MP: 4/4
  1031 | D:2      | Reached XP level 5. HP: 26/38 MP: 5/5
  1655 | D:3      | Reached skill level 6 in Long Blades
  1871 | D:3      | Gained mutation: You sometimes gain power by taking damage. [demonic ancestry]
  1871 | D:3      | Reached XP level 6. HP: 25/44 MP: 6/6
  2100 | D:3      | Noticed Terence
  2112 | D:3      | Killed Terence
  2520 | D:4      | Found Woutheve's Assorted Antiques.
  2593 | D:4      | Found a shimmering altar of Xom.
  2593 | D:4      | Found a shadowy altar of Dithmenos.
  2610 | D:4      | Found a white marble altar of Elyvilon.
  2626 | D:4      | Reached skill level 7 in Long Blades
  2712 | D:4      | Reached XP level 7. HP: 30/50 MP: 7/7
  3082 | D:4      | Found an ancient bone altar of Kikubaaqudgha.
  3152 | D:5      | Entered Level 5 of the Dungeon
  3162 | D:4      | Reached skill level 8 in Long Blades
  3231 | D:5      | Found a glowing drain.
  3244 | Sewer    | Entered a sewer
  4228 | D:5      | Reached skill level 9 in Long Blades
  4228 | D:5      | Gained mutation: You have sharp toenails. [demonic ancestry]
  4228 | D:5      | Reached XP level 8. HP: 48/56 MP: 8/8
  4881 | D:5      | Reached skill level 10 in Long Blades
  5372 | D:6      | Found a stormy altar of Qazlal.
  5870 | D:7      | Reached skill level 11 in Long Blades
  5870 | D:7      | Gained mutation: You are mostly covered in large bone plates (AC +3, SH +3). [demonic ancestry]
  5870 | D:7      | Reached XP level 9. HP: 19/61 MP: 7/9
  6499 | D:7      | Found a staircase to the Ecumenical Temple.
  6524 | Temple   | Entered the Ecumenical Temple
  6780 | Temple   | Became a worshipper of Makhleb the Destroyer
  6815 | D:7      | Found a bloodstained altar of Trog.
  6889 | D:7      | Found a shattered altar of Ashenzari.
  7007 | D:7      | Reached skill level 1 in Invocations
  7266 | D:7      | Reached skill level 1 in Armour
  7275 | D:7      | Acquired Makhleb's first power
  7719 | D:8      | Noticed Erolcha
  7737 | D:8      | Killed Erolcha
  8073 | D:8      | Reached XP level 10. HP: 55/71 MP: 13/13
  8138 | D:8      | Found a burning altar of Makhleb.
  8160 | D:8      | Acquired Makhleb's second power
  8230 | D:8      | Noticed a cacodemon
  8450 | D:8      | Paralysed by a wasp for 1 turns
  8452 | D:8      | Reached skill level 5 in Invocations
  9022 | D:4      | Bought a jewelled plate armour for 532 gold pieces
  9033 | D:4      | Identified the +9 plate armour "Fimn" {rElec rC+} (You bought it in a shop on level 4 of the Dungeon)
  9259 | D:9      | Found an iron altar of Okawaru.
  9342 | D:9      | Noticed Grum
  9366 | D:9      | Acquired Makhleb's third power
  9395 | D:9      | Killed Grum
  9601 | D:9      | Found a staircase to the Orcish Mines.
  9723 | D:9      | Reached skill level 12 in Long Blades
  9887 | D:9      | Noticed Joseph
  9920 | D:9      | Killed Joseph
  9920 | D:9      | Reached skill level 5 in Fighting
  9974 | D:9      | Reached skill level 5 in Dodging
 10451 | D:10     | Entered Level 10 of the Dungeon
 10453 | D:10     | Noticed Erica
 10511 | D:9      | Killed Erica
 10511 | D:9      | Gained mutation: You have razor-sharp toenails. [demonic ancestry]
 10511 | D:9      | Reached XP level 11. HP: 61/81 MP: 14/16
 10617 | D:10     | Noticed Psyche
 10622 | D:10     | Noticed Gastronok
 10628 | D:10     | Killed Psyche
 10648 | D:10     | Killed Gastronok
 10803 | D:10     | Noticed a hill giant
 10819 | D:10     | Killed a hill giant
 10819 | D:10     | Reached skill level 5 in Armour
 10855 | D:10     | Found Etrout's Distillery.
 11092 | D:10     | Acquired Makhleb's fourth power
 11170 | D:10     | Found a staircase to the Lair.
 11435 | Lair:1   | Entered Level 1 of the Lair of Beasts
 11896 | Lair:1   | Acquired Makhleb's fifth power
 12396 | Lair:2   | Found a frozen archway.
 12451 | IceCv    | Entered an ice cave
 12509 | IceCv    | Gained mutation: You have claws for feet. [demonic ancestry]
 12509 | IceCv    | Reached XP level 12. HP: 91/91 MP: 18/18
 12542 | IceCv    | Noticed an ice statue
 12542 | IceCv    | Noticed an ice statue
 12557 | IceCv    | Killed an ice statue
 12692 | IceCv    | Killed an ice statue
 12856 | IceCv    | Noticed an ice dragon
 12860 | IceCv    | Noticed an ice dragon
 12875 | IceCv    | Killed an ice dragon
 12879 | IceCv    | Killed an ice dragon
 12948 | IceCv    | Got a bound ivory ring
 12950 | IceCv    | Got a heavily runed golden ring
 12953 | IceCv    | Identified the ring of the Pure Planets {rC+ rN+ Int+2} (You found it in an ice cave)
 12955 | IceCv    | Identified the ring "Ytok Siuq" {rPois MR+} (You found it in an ice cave)
 13299 | Lair:2   | Identified Micef's Reference Book on Ashen Execration
 13375 | Lair:2   | Reached skill level 13 in Long Blades
 13663 | Lair:2   | Reached skill level 10 in Invocations
 13795 | Lair:2   | Noticed Ijyb
 13812 | Lair:2   | Killed Ijyb
 14332 | Lair:3   | Found a radiant altar of Vehumet.
 14720 | Lair:4   | Noticed Rupert
 14758 | Lair:3   | Killed Rupert
 15193 | Lair:4   | Found a hole to the Spider Nest.
 15253 | Lair:4   | Found a staircase to the Swamp.
 15264 | Lair:4   | Reached XP level 13. HP: 99/99 MP: 19/21
 15357 | Lair:4   | Noticed a six-headed hydra
 15369 | Lair:4   | Killed a one-headed hydra
 15872 | Lair:5   | Found a labyrinth entrance.
 15879 | Lab      | Entered a labyrinth
 16288 | Lab      | Got a pair of shimmering gloves
 16306 | Lab      | Identified the +3 pair of gloves of Ycyo {Int+4 Dex+4} (You found it in a labyrinth)
 16654 | Lab      | Identified a +5 rod of inaccuracy (3/11) (You took it off a minotaur in a labyrinth)
 16671 | Lab      | Identified a +0 rod of inaccuracy (9/9) (You found it in a labyrinth)
 19013 | Lair:7   | Reached skill level 14 in Long Blades
 19014 | Lair:7   | Reached XP level 14. HP: 109/109 MP: 23/23
 19019 | Lair:7   | Found a viscous altar of Jiyva.
 19020 | Lair:7   | Found a staircase to the Slime Pits.
 19343 | Lair:8   | Entered Level 8 of the Lair of Beasts
 19377 | Lair:8   | Reached skill level 10 in Fighting
 19404 | Lair:8   | Noticed Nessos
 19415 | Lair:8   | Killed Nessos
 20104 | Lair:8   | Reached skill level 10 in Dodging
 20343 | Lair:8   | Identified Easy Theurgy
 20354 | Lair:8   | Got a jewelled chain mail
 20365 | Lair:8   | Identified the cursed +0 chain mail of Pathos {rN++ Dex+2} (You found it on level 8 of the Lair of Beasts)
 21113 | Orc:1    | Entered Level 1 of the Orcish Mines
 21380 | Orc:1    | Found a roughly hewn altar of Beogh.
 21925 | Orc:2    | Found Minehigaec's Food Boutique.
 21960 | Orc:2    | Found Qetokioh's Magic Scroll Shop.
 22157 | Orc:2    | Found Vefeiwn's Antique Armour Shop.
 22161 | Orc:2    | Found Doycaowo's Food Shoppe.
 22393 | Orc:3    | Found a staircase to the Elven Halls.
 22506 | Orc:3    | Found Sablopat's Magic Scroll Shop.
 22512 | Orc:3    | Noticed Maud
 22531 | Orc:3    | Killed Maud
 22943 | Orc:4    | Entered Level 4 of the Orcish Mines
 22943 | Orc:4    | Noticed George's ghost (powerful MiFi)
 23124 | Orc:4    | Killed George's ghost
 23145 | Orc:4    | Reached skill level 10 in Armour
 23733 | Orc:4    | Found a roughly hewn altar of Beogh.
 23980 | Orc:4    | Found Nuhun's Antique Armour Emporium.
 24004 | Orc:4    | Found Need's Assorted Antiques.
 24474 | Orc:4    | Reached XP level 15. HP: 119/119 MP: 22/25
 24609 | Orc:4    | Got a crude executioner's axe
 24615 | Orc:4    | Identified the +1 executioner's axe of Mandamus {speed, Str+4} (You found it on level 4 of the Orcish Mines)
 25014 | Orc:4    | Noticed an orc warlord
 25067 | Orc:4    | Killed an orc warlord
 25287 | Orc:4    | Noticed an orc warlord
 25375 | Orc:3    | Killed an orc warlord
 25628 | Orc:4    | Found Ydosadghi's Gadget Emporium.
 25648 | Orc:4    | Found a roughly hewn altar of Beogh.
 25711 | Orc:4    | Found Ciniuday's Assorted Antiques.
 26392 | Swamp:1  | Entered Level 1 of the Swamp
 27278 | Swamp:1  | Reached skill level 15 in Long Blades
 28219 | Swamp:2  | Noticed a thorn hunter
 28234 | Swamp:2  | Killed a thorn hunter
 28243 | Swamp:2  | Noticed Frances
 28682 | Swamp:2  | Killed Frances
 29126 | Swamp:3  | Gained mutation: You are powered by pain. [demonic ancestry]
 29126 | Swamp:3  | Reached XP level 16. HP: 127/127 MP: 23/26
 29528 | Swamp:3  | Noticed a thorn hunter
 29544 | Swamp:3  | Killed a thorn hunter
 30189 | Swamp:4  | Entered Level 4 of the Swamp
 30777 | Swamp:4  | Reached skill level 15 in Invocations
 31196 | Swamp:4  | HP: 6/129 [something (1)]
 31415 | Swamp:4  | Got a decaying rune of Zot
 31701 | Spider:1 | Entered Level 1 of the Spider Nest
 31784 | Spider:1 | Noticed Roxanne
 33460 | Spider:2 | Reached XP level 17. HP: 136/136 MP: 23/28
 33792 | Spider:2 | Reached skill level 16 in Invocations
 35060 | Spider:3 | Slain by an emperor scorpion

Vault maps used:
D:1:      minmay_arrival_cross
D:2:      first_bread, uniq_sigmund
D:3:      uniq_terence
D:4:      lemuel_crystal_altar, lemuel_zombie_altar_kikubaaqudgha,
          gammafunk_temple_overflow_elements, serial_shops,
          nicolae_shop_overgrown_old_shop
D:5:      portal_sewer_entry_b, roderic_batcave
D:6:      nicolae_qazlal_eye_of_the_storm
D:7:      minmay_flawed_box, minmay_temple_entry_mist, basic_altar, bloody_trog
D:8:      grunt_ogre_cave, makhleb_altar_promises_db, uniq_erolcha
D:9:      kennysheep_mini, orc_0_dummy, uniq_grum, uniq_joseph
D:10:     david_lair_shrubbed, serial_shops, shop, uniq_erica, uniq_psyche,
          uniq_gastronok
Temple:   chambers_temple_14
Lair:1:   st_stairs_8, beast_lair_carwin_2
Lair:2:   erik_1, portal_ice_cave_entry_imps
Lair:3:   basic_altar
Lair:4:   minmay_swamp_entry_swarm, dummy_spider_entry, uniq_rupert
Lair:5:   lab_entry_generic, minmay_hedge_maze
Lair:7:   slime_altar_1, serial_bayou_shore_a
Lair:8:   minmay_lair_end_enchanted_forest, uniq_nessos
Swamp:1:  nicolae_swamp_dense_foliage, swamp_pool1
Swamp:2:  evilmike_swamp_ruin_house_6, uniq_frances
Swamp:3:  evilmike_swamp_ruin_rubble_1
Swamp:4:  swamp
Spider:1: spider_trap, uniq_roxanne
Spider:2: spider_trap, spiders_nest_spider_trap
Spider:3: nicolae_spider_nook
Orc:1:    basic_altar, mines5_lemuel
Orc:2:    serial_shops, shop, shop, shop, nicolae_shop_scaring_up_business,
          mines3_lemuel
Orc:3:    serial_shops, shop_fountains, nicolae_orc_pool_cavern,
          lightli_orcish_oven, uniq_maud
Orc:4:    pubby_orc_utopia
Lab:      labyrinth_mini_lab, nicolae_lab_lava, nicolae_lab_diamond,
          nicolae_lab_hexagon, nicolae_lab_starburst, nicolae_lab_blocks
Sewer:    sewer_co_scattered_pipes
IceCv:    ice_cave_small_dragons

Action                   |  1- 3 |  4- 6 |  7- 9 | 10-12 | 13-15 | 16-18 || total
-------------------------+-------+-------+-------+-------+-------+-------++-------
Melee: Long sword        |    94 |   260 |   840 |   393 |       |       ||  1587
       Scimitar          |       |       |       |   836 |  2981 |  1351 ||  5168
       Rapier            |       |       |       |       |       |    76 ||    76
Throw: Throwing net      |     2 |       |       |       |       |       ||     2
Invok: Greater Servant o |       |       |       |     1 |       |     1 ||     2
 Abil: Stop Flying       |       |       |       |       |     2 |       ||     2
       Evoke Flight      |       |       |       |       |     2 |       ||     2
Evoke: Wand              |       |       |     1 |    10 |    14 |     2 ||    27
       Rod               |       |       |       |       |     2 |       ||     2
  Use: Scroll            |       |     7 |    10 |    15 |     8 |     3 ||    43
       Potion            |       |       |       |       |       |     3 ||     3
 Stab: Held in net/web   |     2 |       |       |       |       |       ||     2
       Distracted        |       |       |       |       |       |     1 ||     1
       Confused          |       |       |       |       |       |     1 ||     1
  Eat: Chunk             |       |     6 |    19 |    23 |    47 |    22 ||   117
       Fruit             |       |       |       |     2 |     1 |     2 ||     5
